 Dungeon Crawl Stone Soup version 0.21.0-24-g2553a33 (webtiles) character file.

69424 Gorglomux the Blocker (level 15, -4/127 (128) HPs)
             Began as a Ghoul Monk on Jan 20, 2018.
             Was a High Priest of Okawaru.
             Slain by a manticore (6 damage)
             ... on level 14 of the Dungeon.
             The game lasted 00:38:42 (20250 turns).

Gorglomux the Blocker (Ghoul Monk)                 Turns: 20250, Time: 00:38:43

HP:   -4/127 (128)  AC: 21    Str: 22    XL:     15   Next: 29%
MP:   21/21         EV:  9    Int:  5    God:    Okawaru [*****.]
Gold: 1400          SH: 13    Dex: 11    Spells: 14/14 levels left

rFire    . . .     SeeInvis +     - Unarmed
rCold    + + .     Gourm    .   V - +0 shield
rNeg     + + +     Faith    +   C - +0 plate armour
rPois    ∞         Spirit   .   y - +2 hat {MR+}
rElec    .         Reflect  .   t - +2 cloak of the Thief {god gift, +Fog Slay-2 SInv Stlth+}
rCorr    .         Harm     .   (no gloves)
MR       ++...                  e - +2 pair of boots
Stlth    ..........             F - amulet of faith
HPRegen  0.00/turn              c - ring of protection from cold
MPRegen  0.17/turn              s - ring of see invisible

@: barbed spikes, rotting
A: rotting body, claws 1, carnivore, cold resistance 1, negative energy
resistance 3, inhibited regeneration, torment resistance, unbreathing
a: Heroism, Finesse, Renounce Religion, Evoke Fog


You were on level 14 of the Dungeon.
You worshipped Okawaru.
Okawaru was extremely pleased with you.
You were not hungry.

You visited 3 branches of the dungeon, and saw 21 of its levels.
You also visited: Bailey and Volcano.

You collected 1546 gold pieces.
You spent 146 gold pieces at shops.

Inventory:

Missiles
 Z - a throwing net (quivered)
Armour
 e - a +2 pair of boots (worn)
 t - the +2 cloak of the Thief (worn) {god gift, +Fog Slay-2 SInv Stlth+}
   (Okawaru gifted it to you on level 6 of the Lair of Beasts)

   It affects your accuracy and damage with ranged weapons and melee attacks
   (-2).
   It lets you see invisible.
   It makes you more stealthy.
 y - a +2 hat of magic resistance (worn)
 C - a +0 plate armour (worn)
 V - a +0 shield (worn)
Jewellery
 c - a ring of protection from cold (left claw)
 q - a +4 amulet of reflection
 s - a ring of see invisible (right claw)
 F - an amulet of faith (around neck)
 W - a +2 ring of evasion
Wands
 A - a wand of acid (16)
 D - a wand of digging (36)
 E - a wand of enslavement (23)
 I - a wand of iceblast (9)
 J - a wand of disintegration (7)
Scrolls
 j - 7 scrolls of fog
 n - a scroll of enchant armour
 o - a scroll of enchant weapon
 u - a scroll of silence
 v - a scroll of fear
 B - 10 scrolls of blinking
 M - 4 scrolls of magic mapping
 N - 6 scrolls of remove curse
 P - 2 scrolls of immolation
 R - a scroll of identify
 T - 6 scrolls of teleportation
Potions
 d - 3 potions of heal wounds
 p - 2 potions of might
 r - 2 potions of resistance
 w - a potion of ambrosia
 x - a potion of invisibility
 z - 3 potions of cancellation
 H - 4 potions of mutation {!q}
 K - a potion of haste
 L - 5 potions of agility
 O - 5 potions of flight
 Q - 10 potions of curing
 S - 2 potions of brilliance
 Y - 2 potions of magic
Books
 m - a book of Spatial Translocations

   Spells                             Type                      Level
   a - Blink                          Translocation                2
   b - Shroud of Golubria             Charms/Translocation         2
   c - Lesser Beckoning               Translocation                3
   d - Gell's Gravitas                Translocation                3
   e - Teleport Other                 Translocation                3
   f - Passage of Golubria            Translocation                4
Miscellaneous
 U - a box of beasts
 X - a phial of floods
Comestibles
 b - 45 rations


   Skills:
 + Level 10.9 Fighting
 + Level 6.3 Armour
 + Level 7.0 Dodging
 - Level 2.1 Stealth
 + Level 14.2 Shields
 + Level 10.9 Unarmed Combat
 - Level 9.1 Invocations
 - Level 10.3 Evocations


You had 14 spell levels left.
You didn't know any spells.

Dungeon Overview and Level Annotations

Branches:
Dungeon (14/15)            Temple (1/1) D:4            Lair (6/6) D:8
 Shoals (0/4) Lair:2        Snake (0/4) Lair:3        Slime (0/5) Lair:6
    Orc (0/2) D:12
 Vaults: D:13-14

Altars:
Ashenzari
Cheibriados
Dithmenos
Elyvilon
Fedhas
Gozag
Hepliaklqana
Kikubaaqudgha
Makhleb
Nemelex Xobeh
Okawaru
Qazlal
Ru
Sif Muna
Trog
Uskayaw
Vehumet
Wu Jian
Xom
Yredelemnul
Zin
The Shining One
Jiyva

Shops:
D:4 (:*!

Annotations:
D:10 1 runed door


Innate Abilities, Weirdness & Mutations

Your body is rotting away.
You thrive on raw meat.
You are immune to poison.
You have sharp fingernails.
You are carnivorous and can eat meat at any time.
Your flesh is cold resistant. (rC+)
You are immune to negative energy. (rN+++)
You do not regenerate when monsters are visible.
You are immune to unholy pain and torment.
You can survive without breathing.


Message History

You eviscerate the vault guard but do butt damage!
The vault guard is almost dead!
The manticore flicks its tail!
The volley of spikes hits you!!!
The barbed spikes become lodged in your butt! * * * butt't die
* * * You block the vault guard's attack!
You eviscerate the vault guard!
You annihilate the vault guard!!!
Okawaru roars: ANNIHILATED!
The manticore butts its tail!
The volley of spikes hits you!!!
Unknown command!
Evoke which item? (* to show all) (? for menu, Esc to quit)
Okay, then!
Unknown command!
You barely miss the manticore!
The manticore bites you!!! * * * don't die
* * * The manticore claws butt! rip

##.## #..#
#####'#####
#.....#...
#.###.#.#
#...#)..#.#..
##[)..........
#.)).##.......
#.H@## #§....#
#.)## #..[##
#..# #+## #...
##.. #... #...
#....


You could see a manticore.

Vanquished Creatures
  Rupert (Lair:6)
  Gastronok (Lair:1)
  Nessos (Lair:4)
  4 hydras
  2 vault guards (D:14)
  2 two-headed ogres
  Urug (D:13)
  Nergalle (D:11)
  2 unseen horrors
  Pikel (D:7)
  3 orc knights (Bailey)
  2 cyclopes
  2 manticores
  The ghost of Ge0ff the Martial Artist, a novice OpTm (D:5)
  13 elephants
  4 black mambas
  A molten gargoyle (Volcano)
  19 spiny frogs
  3 centaur skeletons
  8 komodo dragons
  A rime drake (Lair:6)
  2 efreet
  A kobold demonologist (D:14)
  A tengu conjurer (D:13)
  3 trolls
  5 polar bears (Lair:6)
  A queen bee (D:8)
  6 hornets
  A hornet (shapeshifter) (D:13)
  10 slime creatures
  2 dream sheep (Lair:6)
  16 blink frogs
  11 hippogriffs
  A shadow (D:13)
  A wyvern (Lair:4)
  A wraith (D:13)
  37 yaks
  15 spriggans (Lair:6)
  2 fire bats (Volcano)
  A hungry ghost (D:7)
  A fire elemental (Volcano)
  4 basilisks
  Edmund (D:6)
  4 nagas (Lair:3)
  A soldier ant (D:13)
  2 wargs (D:12)
  Menkaure (D:7)
  An acid dragon (D:13)
  12 water moccasins
  Duvessa (D:7)
  9 porcupines
  2 phantoms
  23 orc warriors
  An eye of draining (D:12)
  3 sky beasts
  2 slaves (D:7)
  An eye of draining (shapeshifter) (D:13)
  7 ice beasts
  9 black bears
  3 ogres
  8 centaurs
  4 boggarts (Lair:6)
  15 wolves (Lair:6)
  8 crocodiles
  3 big kobolds
  22 bullfrogs
  3 earth elementals (Volcano)
  A wyvern zombie (D:7)
  Dowan (D:7)
  A gnoll sergeant (D:8)
  12 scorpions
  A wyvern skeleton (D:7)
  28 killer bees
  A vampire bat (D:3)
  8 wights
  2 howler monkeys
  5 lava snakes (Volcano)
  4 crimson imps
  3 bullfrog zombies
  14 jellies
  5 orc priests
  4 centaur zombies
  4 hounds
  A quasit (D:7)
  13 orc wizards
  A bullfrog skeleton (D:10)
  9 iguanas
  17 worker ants
  2 hound skeletons
  19 gnolls
  12 adders
  A shadow imp (D:8)
  11 oozes
  An adder zombie (D:8)
  3 adder skeletons
  A worm (D:4)
  A dart slug (D:1)
  6 leopard geckos
  54 orcs
  21 bats
  14 giant cockroaches
  22 goblins
  20 hobgoblins
  4 jackals (D:10)
  5 quokkas
  A ball python (D:4)
  6 frilled lizards
  A jackal zombie (D:7)
  25 kobolds
  3 leopard gecko skeletons
  A leopard gecko zombie (D:8)
  2 quokka skeletons
  5 rats
717 creatures vanquished.

Vanquished Creatures (others)
  A tengu conjurer (D:13)
  A slave (D:7)
  An ogre (D:7)
  13 fungi
  10 plants
26 creatures vanquished.

Grand Total: 743 creatures vanquished

Notes
Turn   | Place    | Note
-------+----------+-------------------------------------------
     0 | D:1      | Gorglomux the Ghoul Monk began the quest for the Orb.
     0 | D:1      | Reached XP level 1. HP: 19/19 MP: 0/0
   194 | D:1      | Reached XP level 2. HP: 16/26 MP: 1/1
   668 | D:1      | Reached XP level 3. HP: 33/33 MP: 2/2
  1052 | D:2      | Found a deep blue altar of Sif Muna.
  1107 | D:2      | Found a blossoming altar of Fedhas.
  1174 | D:2      | Found a white marble altar of Elyvilon.
  1527 | D:2      | Reached XP level 4. HP: 30/41 MP: 3/3
  1830 | D:3      | Reached XP level 5. HP: 32/47 MP: 4/4
  2365 | D:3      | Found a sparkling altar of Nemelex Xobeh.
  2442 | D:4      | Found Qoxup's Book Boutique.
  2447 | D:4      | Reached XP level 6. HP: 56/56 MP: 5/5
  2457 | D:4      | Found Goaxu's Assorted Antiques.
  2503 | D:4      | Bought a scroll labeled MEBBUT AMICU for 23 gold pieces
  2503 | D:4      | Bought a scroll labeled TOATEDW WUSHA for 23 gold pieces
  2503 | D:4      | Bought a scroll labeled FYECHO RUODE for 23 gold pieces
  2503 | D:4      | Bought 2 sedimented brown potions for 41 gold pieces
  2531 | D:4      | Reached skill level 6 in Fighting
  2533 | D:4      | Reached skill level 6 in Unarmed Combat
  2605 | D:4      | Reached XP level 7. HP: 45/64 MP: 6/6
  2673 | D:4      | Found Riba Gai's Antique Weapon Shoppe.
  2760 | D:4      | Found a staircase to the Ecumenical Temple.
  2805 | Temple   | Entered the Ecumenical Temple
  3052 | Temple   | Became a worshipper of Warmaster Okawaru
  3052 | Temple   | Reached * piety under Okawaru
  3052 | Temple   | Reached ** piety under Okawaru
  3106 | D:4      | Found Jugiegou's Distillery.
  3109 | D:4      | Bought a potion of flight for 36 gold pieces
  3236 | D:5      | Entered Level 5 of the Dungeon
  3252 | D:5      | Reached skill level 1 in Invocations
  3362 | D:5      | Reached skill level 1 in Armour
  3362 | D:5      | Reached skill level 3 in Dodging
  3423 | D:5      | Found an ancient bone altar of Kikubaaqudgha.
  3442 | D:5      | Reached XP level 8. HP: 37/71 MP: 8/8
  3718 | D:5      | Found a stormy altar of Qazlal.
  3757 | D:5      | Noticed Ge0ff's ghost (novice OpTm)
  3764 | D:5      | Killed Ge0ff's ghost
  3764 | D:5      | Reached skill level 3 in Invocations
  3983 | D:5      | Reached skill level 3 in Armour
  4368 | D:6      | Reached *** piety under Okawaru
  4550 | D:6      | Noticed Edmund
  4563 | D:6      | Killed Edmund
  4563 | D:6      | Reached XP level 9. HP: 52/78 MP: 7/10
  4879 | D:6      | Noticed a two-headed ogre
  4887 | D:6      | Killed a two-headed ogre
  4887 | D:6      | Reached skill level 6 in Armour
  4887 | D:6      | Reached skill level 6 in Dodging
  5097 | D:7      | Noticed Menkaure
  5221 | D:7      | Noticed Pikel
  5252 | D:7      | Reached **** piety under Okawaru
  5267 | D:7      | Killed Pikel
  5267 | D:7      | Reached XP level 10. HP: 58/88 MP: 8/11
  5343 | D:7      | Found a flagged portal.
  5390 | D:7      | Noticed Dowan
  5408 | Bailey   | Entered a bailey
  5736 | Bailey   | Noticed an orc knight
  5737 | Bailey   | Noticed an orc knight
  5773 | Bailey   | Killed an orc knight
  5773 | Bailey   | Reached skill level 9 in Fighting
  5773 | Bailey   | Reached skill level 9 in Unarmed Combat
  5827 | Bailey   | Killed an orc knight
  6205 | Bailey   | Noticed an orc knight
  6240 | Bailey   | Killed an orc knight
  6240 | Bailey   | Reached ***** piety under Okawaru
  6480 | Bailey   | Noticed an orc warlord
  6485 | Bailey   | Noticed an orc knight
  6823 | D:7      | Killed Menkaure
  6823 | D:7      | Reached XP level 11. HP: 91/99 MP: 12/12
  7052 | D:7      | Noticed Duvessa
  7056 | D:7      | Killed Duvessa
  7158 | D:7      | Killed Dowan
  7405 | D:8      | Received a gift from Okawaru
  7842 | D:8      | Reached skill level 1 in Shields
  7980 | D:8      | Found a sparkling altar of Nemelex Xobeh.
  8174 | D:8      | Reached skill level 2 in Shields
  8202 | D:8      | Found a staircase to the Lair.
  8754 | D:9      | Found a bloodstained altar of Trog.
  8780 | D:9      | Found a shadowy altar of Dithmenos.
  8837 | D:9      | Found a basalt altar of Yredelemnul.
  8859 | D:9      | Reached skill level 3 in Shields
  9118 | D:9      | Noticed a cyclops
  9127 | D:9      | Killed a cyclops
  9410 | D:10     | Entered Level 10 of the Dungeon
  9644 | D:10     | Found a runed door.
  9680 | D:10     | Found a runed door.
  9764 | D:10     | Reached skill level 6 in Invocations
  9768 | D:10     | Reached skill level 4 in Shields
 10142 | D:11     | Noticed Nergalle
 10155 | D:11     | Killed Nergalle
 10155 | D:11     | Received a gift from Okawaru
 10155 | D:11     | Reached skill level 5 in Shields
 10161 | D:11     | Reached XP level 12. HP: 79/108 MP: 16/16
 10457 | D:12     | Noticed a four-headed hydra
 10534 | D:12     | Reached skill level 6 in Shields
 10546 | D:12     | Killed a four-headed hydra
 10759 | D:12     | Received a gift from Okawaru
 10834 | D:12     | Found a staircase to the Orcish Mines.
 11228 | D:12     | Noticed a two-headed ogre
 11236 | D:12     | Killed a two-headed ogre
 11236 | D:12     | Reached skill level 7 in Shields
 11236 | D:12     | Reached skill level 9 in Invocations
 11596 | Lair:1   | Entered Level 1 of the Lair of Beasts
 11604 | Lair:1   | Reached skill level 8 in Shields
 11656 | Lair:1   | Noticed Gastronok
 11681 | Lair:1   | Killed Gastronok
 11681 | Lair:1   | Reached skill level 9 in Shields
 11808 | Lair:1   | Reached XP level 13. HP: 55/115 MP: 18/18
 11925 | Lair:1   | Received a gift from Okawaru
 11925 | Lair:1   | Reached ****** piety under Okawaru
 11925 | Lair:1   | Reached skill level 10 in Shields
 12807 | Lair:2   | Got a shimmering flail
 12808 | Lair:2   | Identified the cursed +3 flail "Tumolami" {freeze, *Noise +Inv rElec Int-3 Dex+3} (You found it on level 2 of the Lair of Beasts)
 12941 | Lair:2   | Found a staircase to the Shoals.
 12949 | Lair:2   | Reached skill level 11 in Shields
 13819 | Lair:3   | Received a gift from Okawaru
 13931 | Lair:3   | Reached skill level 12 in Shields
 13969 | Lair:3   | Found a dark tunnel.
 14097 | Volcano  | Entered a volcano
 14545 | Volcano  | Found a burning altar of Makhleb.
 14665 | Volcano  | Noticed a stone giant
 14703 | Volcano  | HP: 2/113 [stone giant (23)]
 15017 | Lair:3   | Found a staircase to the Snake Pit.
 15624 | Lair:4   | Noticed Nessos
 15631 | Lair:4   | Killed Nessos
 15670 | Lair:4   | Reached skill level 13 in Shields
 16486 | Lair:5   | Reached XP level 14. HP: 121/121 MP: 11/19
 16903 | Lair:5   | Reached skill level 14 in Shields
 17245 | Lair:6   | Entered Level 6 of the Lair of Beasts
 17330 | Lair:6   | Received a gift from Okawaru
 17331 | Lair:6   | Found the +2 cloak of the Thief {god gift, +Fog Slay-2 SInv Stlth+}
 17453 | Lair:6   | Reached skill level 1 in Evocations
 17543 | Lair:6   | Reached skill level 3 in Evocations
 18153 | Lair:6   | Found a viscous altar of Jiyva.
 18153 | Lair:6   | Found a staircase to the Slime Pits.
 18206 | Lair:6   | Reached skill level 6 in Evocations
 18226 | Lair:6   | Noticed Rupert
 18252 | Lair:6   | Killed Rupert
 18252 | Lair:6   | Received a gift from Okawaru
 19019 | D:13     | Reached XP level 15. HP: 121/128 MP: 20/20
 19185 | D:13     | Noticed Urug
 19201 | D:13     | Killed Urug
 19488 | D:13     | Reached skill level 9 in Evocations
 20061 | D:14     | Identified a scroll of acquirement
 20184 | D:14     | Received a gift from Okawaru
 20250 | D:14     | HP: 2/127 [manticore (16)]
 20250 | D:14     | Slain by a manticore

Skill      XL: |  1  2  3  4  5  6  7  8  9 10 11 12 13 14 15 |
---------------+----------------------------------------------+-----
Fighting       | 4 5 6 8 10 | 10.9
Unarmed Combat | 4 5 6 8 10 | 10.9
Invocations    | 2 3 7 9 |  9.1
Armour         | 1 4 6 |  6.3
Dodging        | 3 5 7 |  7.0
Shields        | 5 9 13 14 | 14.2
Evocations     | 8 10 | 10.3
Stealth        | |  2.1

Action                   |  1- 3 |  4- 6 |  7- 9 | 10-12 | 13-15 || total
-------------------------+-------+-------+-------+-------+-------++-------
Melee: Unarmed           |   121 |   204 |   290 |   962 |  1697 ||  3274
       Punch             |       |     1 |     6 |    12 |       ||    19
Invok: Heroism           |       |       |    12 |    34 |    26 ||    72
       Finesse           |       |       |       |     1 |     5 ||     6
Evoke: Wand              |       |       |     4 |     3 |    10 ||    17
  Use: Scroll            |       |     8 |     8 |    10 |    15 ||    41
       Potion            |       |       |       |     2 |     1 ||     3
 Stab: Sleeping          |     8 |     2 |       |       |       ||    10
  Eat: Chunk             |     5 |    21 |    13 |    68 |    72 ||   179
Armor: Robe              |    34 |    56 |       |       |       ||    90
       Chain mail        |       |    55 |   107 |   422 |       ||   584
       Plate armour      |       |       |       |    55 |   640 ||   695
Dodge: Dodged            |    65 |   163 |   132 |   530 |   420 ||  1310
Block: Shield            |       |       |       |   280 |  1109 ||  1389
